 Dungeon Crawl Stone Soup version 0.31-a0-221-gbddc013574 (webtiles) character file.

Game seed: 13872658937221631429

86 qw the Shooter (level 4, -4/26 HPs)
             Began as a Gargoyle Hexslinger on July 4, 2023.
             Slain by an iguana (9 damage)
             ... on level 3 of the Dungeon.
             The game lasted 00:00:51 (2301 turns).

qw the Shooter (Gargoyle Hexslinger)                Turns: 2301, Time: 00:00:52

Health: -4/26      AC:  8    Str: 11    XL:     4   Next: 49%
Magic:  5/5        EV: 10    Int: 14    God:
Gold:   78         SH:  0    Dex: 14    Spells: 4/5 levels left

rFire   . . .        Y - +1 orcbow
rCold   . . .        (shield currently unavailable)
rNeg    + . .        d - +0 ring mail
rPois   inf          (no helmet)
rElec   +            (no cloak)
rCorr   .            (no gloves)
SInv    .            (no boots)
Will    .....        (no amulet)
Stlth   +            (no ring)
HPRegen 0.24/turn    (no ring)
MPRegen 0.09/turn

%: no passive effects
@: no status effects
A: sickness immunity, AC +3, negative energy resistance 1, electricity
resistance, torment resistance 1, petrification resistance
a: no special abilities


You were on level 3 of the Dungeon.
You visited 1 branch of the dungeon, and saw 4 of its levels.

You collected 78 gold pieces.


Innate Abilities, Weirdness & Mutations

You are immune to sickness and miasma.
Your stone body is resilient. (AC +3)
You are immune to poison.
You resist negative energy. (rN+)
You are resistant to electric shocks. (rElec)
You are resistant to unholy torment.
You are immune to petrification.


   Skills:
 - Level 2.0 Fighting
 - Level 4.2 Ranged Weapons
 + Level 0.1 Armour
 - Level 1.5 Dodging
 - Level 1.0 Spellcasting
 - Level 2.6 Hexes


You had 4 spell levels left.
You knew the following spells:

 Your Spells              Type           Power      Damage    Failure   Level
a - Slow                  Hex            32%        N/A       22%         1

Your spell library contained the following spells:

 Spells                   Type           Power      Damage    Failure   Level
 Inner Flame              Hex/Fire       4%         N/A       73%         3
 Portal Projectile        Hex/Tloc       8%         N/A       73%         3
 Cause Fear               Hex            4%         N/A       91%         4

Inventory:

Hand Weapons
 Y - a +1 orcbow (weapon)
Armour
 d - a +0 ring mail (worn)
Scrolls
 a - a scroll of identify
Potions
 e - a potion of attraction {unknown}
 f - a potion of haste {unknown}
 g - a potion of mutation {unknown}
 i - a potion of cancellation {unknown}
 j - a potion of curing

Dungeon Overview and Level Annotations

Branches:
Dungeon (4/15)
 Temple: D:4-7

Altars:
Cheibriados
Hepliaklqana
Sif Muna
Xom


Message History

The iguana closely misses you.
You shoot an arrow. The arrow barely misses the iguana.
The arrow hits the endoplasm.
The endoplasm is moderately wounded.
The iguana bites you. x2
The dart slug launches a dart at you. The slug dart misses you.
The slug dart hits the iguana but does no damage.
2297 ||| STAIRDANCE The iguana bites you!
The endoplasm hits you but does no damage.
You climb upwards.
There is a stone staircase leading down here.
Enter note:
Enter note:
Enter note:
Enter note:
Enter note:
Enter note:
Enter note:
Enter note:
Enter note:
Enter note:
Enter note:
Enter note:
Enter note:
Enter note:
Enter note:
Enter note:
Enter note:
Enter note: You shoot an arrow.
The arrow hits the endoplasm.
You kill the endoplasm!
The dart slug barely misses you. The iguana bites you!
You shoot an arrow. The arrow closely misses the iguana.
The iguana bites you.
The dart slug bites you but does no damage.
You shoot an arrow. The arrow barely misses the iguana.
The iguana bites you. The dart slug barely misses you. The iguana bites you!
You die...

#.# #..#.# #.#....8.._
#.# #..#.###.#........
#.# #........##._.....
#.# #...........).....
#.# #....###.##.....##
#.###................/
#........###.######...
#.###w..####.######.##
#.# #@................
#.# #l..####.######.##
#.# #...# #.# #.## #.#
#.[.# #.# #.## #.#
#...####.# #.# #.#
#......#.# #.# ###
#...####.# #.#
#######...# #.# #.#
#.........# #.# ##'##


You could see an iguana and a dart slug.

Vanquished Creatures
  2 adders (D:2)
  A worm (D:2)
  2 dart slugs (D:2)
  7 orcs (D:3)
  A ball python (D:3)
  2 endoplasms
  3 giant cockroaches
  7 goblins
  3 hobgoblins
  A quokka (D:3)
  7 bats
  3 frilled lizards
  6 kobolds
  5 rats
50 creatures vanquished.

Notes
Turn   | Place    | Note
-------+----------+-------------------------------------------
     0 | D:1      | qw the Gargoyle Hexslinger began the quest for the Orb.
     0 | D:1      | Reached XP level 1. HP: 12/12 MP: 2/2
     0 | D:1      | 0 ||| qw: Version: 0.3-a-41-g9d075ac
     0 | D:1      | 0 ||| qw: Game counter: 738
     0 | D:1      | 0 ||| qw: Melee chars always use a shield: true
     0 | D:1      | 0 ||| qw: God list: Okawaru
     0 | D:1      | 0 ||| qw: Allow faded altars: false
     0 | D:1      | 0 ||| qw: Do Orc after clearing Dungeon:15 true
     0 | D:1      | 0 ||| qw: Do second Lair branch before Depths: true
     0 | D:1      | 0 ||| qw: Lair rune preference: random
     0 | D:1      | 0 ||| qw: Goals: Normal
     0 | D:1      | 0 ||| PLANNING D:1-11
    93 | D:1      | Reached XP level 2. HP: 12/16 MP: 3/3
   161 | D:1      | Reached skill level 3 in Ranged Weapons
   553 | D:1      | 553 ||| READING scroll labelled JELUEBROMI.
   554 | D:1      | 554 ||| READING scroll labelled INKINK DOFRI.
   559 | D:1      | 559 ||| READING scroll labelled EWNIUR QUDUN.
   660 | D:1      | 660 ||| READING scroll labelled CUNEASKEMY.
   661 | D:1      | 661 ||| DROPPING scroll of poison.
   672 | D:2      | 672 ||| STAIRDANCE
   718 | D:2      | Reached XP level 3. HP: 20/21 MP: 4/4
  1289 | D:2      | Reached XP level 4. HP: 24/26 MP: 5/5
  1313 | D:2      | 1313 ||| UPGRADING to +0 leather armour.
  1323 | D:2      | 1323 ||| DROPPING +0 robe.
  1324 | D:2      | 1324 ||| READING 2 scrolls of identify.
  1324 | D:2      | 1324 ||| IDENTIFYING cyan potion
  1325 | D:2      | 1325 ||| DROPPING potion of ambrosia.
  1515 | D:3      | Found a hazy altar of Hepliaklqana.
  1595 | D:3      | Reached skill level 4 in Ranged Weapons
  1705 | D:3      | 1705 ||| SWAPPING to +0 orcbow.
  1706 | D:3      | 1706 ||| DROPPING +2 sling.
  1730 | D:3      | Found a shimmering altar of Xom.
  1730 | D:3      | Found a shimmering blue altar of Sif Muna.
  1730 | D:3      | Found a snail-covered altar of Cheibriados.
  1955 | D:3      | 1955 ||| READING scroll of enchant weapon.
  1955 | D:3      | 1955 ||| ENCHANTING +0 orcbow.
  2257 | D:3      | 2257 ||| UPGRADING to +0 ring mail.
  2267 | D:3      | 2267 ||| DROPPING +0 leather armour.
  2268 | D:3      | 2268 ||| READING scroll labelled CUNUOD YTZI.
  2269 | D:3      | 2269 ||| DRINKING 2 fizzy ruby potions.
  2297 | D:4      | 2297 ||| STAIRDANCE
  2300 | D:3      | HP: 6/26 [iguana (3)]
  2301 | D:3      | Slain by an iguana

Levels and vault maps discovered:
D:1:      wander_arrival_chamber, layout_basic
D:2:      layout_loops_ring
D:3:      layout_basic, mainiacjoe_overflow_alcove_4, grunt_temple_overflow_open
D:4:      layout_basic, mainiacjoe_overflow_surrounded_room,
          mainiacjoe_overflow_alcove_2, serial_corexii_hall,
          corexii_hall_statues_l, chequers_hall_statues_y

Skill      XL: |  1  2  3  4 |
---------------+-------------+-----
Ranged Weapons | 3 4 |  4.2
Fighting       | 2 |  2.0
Armour         | |  0.1
Dodging        | |  1.5
Spellcasting   | |  1.0
Hexes          | |  2.6

Action                     |  1- 3 |  4- 6 || total
---------------------------+-------+-------++-------
   Fire: Sling             |   125 |    26 ||   151
         Orcbow            |       |    34 ||    34
    Use: Scroll            |     4 |     3 ||     7
         Potion            |       |     1 ||     1
 Armour: Robe              |    20 |       ||    20
         Leather armour    |       |     8 ||     8
         Ring mail         |       |     2 ||     2
  Dodge: Dodged            |    40 |    17 ||    57

Table legend:
 A = Non-vault XP
 B = Vault XP
 C = Vault XP percentage of total XP
 D = Non-vault monster count
 E = Vault monster count
 F = Vault count percentage of total count
                 A         B        C        D         E       F
            +---------+---------+-------+---------+---------+-------
      Total |     123 |       0 |   0.0 |      50 |       0 |   0.0
            +---------+---------+-------+---------+---------+-------
        D:1 |      26 |       0 |   0.0 |      15 |       0 |   0.0
        D:2 |      62 |       0 |   0.0 |      20 |       0 |   0.0
        D:3 |      35 |       0 |   0.0 |      15 |       0 |   0.0
            +---------+---------+-------+---------+---------+-------
